General information
- name: BNet
- type: Ladder team game (AT/RT)
- host: Battle.net
- saver: Hibernating
map: Deathknell
- players: 8
- length: 42:13
- speed: Fast
- version: 1.28 W3XP
- replay type: Public
» download(469 KB)
Players
team 1 (loser)

»
I_love_n00b (
red | 137 APM | 5761 actions | 42:05)
7 Death Knight
2 Death Coil
3 Unholy Aura
1 Animate Dead
1 Death Pact
5 Lich
3 Frost Nova
1 Frost Armor
1 Dark Ritual
» actions
| Assign group hotkey | 27 | |
| Basic commands | 120 | |
| Build / train | 73 | |
| Enter build submenu | 30 | |
| Enter hero's abilities submenu | 12 | |
| Give item / drop item | 1 | |
| Right click | 1848 | |
| Select / deselect | 500 | |
| Select group hotkey | 2990 | |
| Use ability | 160 | |
5761 total
» units
| Acolyte | 11 | |
| Ghoul | 2 | |
| Crypt Fiend | 12 | |
| Obsidian Statue | 12 | |
37 total
» upgrades
| Creature Attack | 3 | |
| Web | 1 | |
| Destroyer Form | 1 | |
| Creature Carapace | 3 | |
8 total
» buildings
| Crypt | 1 | |
| Ziggurat | 15 | |
| Graveyard | 1 | |
| Altar of Darkness | 2 | |
| Tomb of Relics | 2 | |
| Halls of the Dead | 1 | |
| Slaughterhouse | 1 | |
| Nerubian Tower | 1 | |
| Black Citadel | 1 | |
| Sacrificial Pit | 1 | |
| Necropolis | 2 | |
28 total
» build order
00:25 Crypt
00:37 Ziggurat
00:49 Graveyard
01:05 Altar of Darkness
01:34 Ziggurat
01:51 Tomb of Relics
03:51 Halls of the Dead
04:18 Ziggurat
06:25 Slaughterhouse
07:09 Nerubian Tower
07:28 Ziggurat
08:18 Black Citadel
12:25 Ziggurat
13:16 Ziggurat
15:20 Ziggurat
16:04 Ziggurat
17:32 Sacrificial Pit
17:58 Ziggurat
18:39 Ziggurat
18:47 Ziggurat
27:58 Necropolis
29:17 Necropolis
31:19 Ziggurat
31:22 Ziggurat
31:28 Ziggurat
31:30 Ziggurat
32:16 Altar of Darkness
33:50 Tomb of Relics
» items
| Rod of Necromancy | 1 | |
| Scroll of Town Portal | 6 | |
| Scroll of Healing | 2 | |
| Orb of Corruption | 1 | |
| Scroll of Regeneration | 1 | |
11 total

»
Intrigue (
blue | 79 APM | 2812 actions | 35:35)
6 Keeper of the Grove
3 Entangling Roots
1 Force of Nature
1 Thorns Aura
1 Tranquility
3 Priestess of the Moon
1 Scout
2 Trueshot Aura
» actions
| Assign group hotkey | 118 | |
| Basic commands | 1 | |
| Build / train | 86 | |
| Enter build submenu | 23 | |
| Enter hero's abilities submenu | 9 | |
| Give item / drop item | 2 | |
| Remove unit from queue | 1 | |
| Right click | 1312 | |
| Select / deselect | 305 | |
| Select group hotkey | 897 | |
| Use ability | 58 | |
2812 total
» units
| Wisp | 19 | |
| Archer | 7 | |
| Huntress | 6 | |
| Hippogryph | 13 | |
| Druid of the Talon | 3 | |
| Chimaera | 11 | |
59 total
» upgrades
| Sentinel | 1 | |
| Strength of the Wild | 3 | |
| Reinforced Hides | 3 | |
| Corrosive Breath | 1 | |
8 total
» buildings
| Moon Well | 9 | |
| Altar of Elders | 1 | |
| Ancient of War | 1 | |
| Tree of Ages | 1 | |
| Hunter's Hall | 1 | |
| Tree of Eternity | 1 | |
| Tree of Life | 3 | |
| Ancient Protector | 2 | |
| Ancient of Wind | 2 | |
| Chimaera Roost | 1 | |
| Ancient of Wonders | 1 | |
23 total
» build order
00:19 Moon Well
00:32 Altar of Elders
01:02 Ancient of War
01:39 Moon Well
01:48 Moon Well
03:03 Tree of Ages
04:11 Hunter's Hall
04:22 Moon Well
05:38 Tree of Eternity
06:39 Tree of Life
07:23 Ancient Protector
07:30 Ancient Protector
08:18 Ancient of Wind
08:36 Moon Well
08:39 Moon Well
12:10 Chimaera Roost
13:20 Ancient of Wonders
13:46 Moon Well
14:04 Moon Well
14:49 Moon Well
17:32 Ancient of Wind
24:35 Tree of Life
25:39 Tree of Life
» items
| Scroll of Town Portal | 4 | |
| Orb of Venom | 1 | |
5 total
Hibernating (
yellow | 62 APM | 2614 actions | 42:13)
1 Paladin
1 Divine Shield
» actions
| Assign group hotkey | 68 | |
| Basic commands | 8 | |
| Build / train | 150 | |
| Enter build submenu | 109 | |
| Enter hero's abilities submenu | 1 | |
| Remove unit from queue | 2 | |
| Right click | 1231 | |
| Select / deselect | 608 | |
| Select group hotkey | 276 | |
| Use ability | 161 | |
2614 total
» units
| Peasant | 23 | |
| Goblin Shredder | 1 | |
| Flying Machine | 28 | |
| Mortar Team | 10 | |
| Goblin Sapper | 3 | |
65 total
» upgrades
| Masonry | 3 | |
| Magic Sentry | 1 | |
| Gunpowder | 3 | |
| Plating | 4 | |
| Flak Cannons | 1 | |
| Flying Machine Bombs | 1 | |
| Armor | 3 | |
| Fragmentation Shards | 1 | |
| Flare | 1 | |
18 total
» buildings
| Scout Tower | 89 | |
| Lumber Mill | 1 | |
| Arcane Tower | 2 | |
| Guard Tower | 59 | |
| Farm | 10 | |
| Keep | 1 | |
| Town Hall | 3 | |
| Altar of Kings | 2 | |
| Arcane Sanctum | 1 | |
| Blacksmith | 3 | |
| Castle | 1 | |
| Workshop | 8 | |
| Arcane Vault | 2 | |
182 total
» build order
00:12 Scout Tower
00:26 Lumber Mill
00:41 Scout Tower
00:44 Scout Tower
00:47 Scout Tower
00:50 Scout Tower
00:52 Arcane Tower
01:28 Guard Tower
01:44 Guard Tower
01:58 Guard Tower
02:09 Guard Tower
02:18 Scout Tower
02:20 Scout Tower
02:23 Scout Tower
02:26 Scout Tower
02:48 Guard Tower
02:51 Guard Tower
02:51 Guard Tower
02:53 Guard Tower
02:54 Guard Tower
03:03 Guard Tower
03:16 Farm
03:18 Farm
03:20 Farm
03:26 Farm
03:29 Scout Tower
04:22 Guard Tower
05:27 Scout Tower
05:28 Scout Tower
05:31 Scout Tower
05:59 Scout Tower
06:00 Scout Tower
06:04 Scout Tower
06:23 Scout Tower
06:27 Guard Tower
06:28 Guard Tower
06:30 Scout Tower
06:32 Scout Tower
06:37 Scout Tower
06:39 Scout Tower
07:16 Keep
08:27 Scout Tower
08:29 Scout Tower
08:30 Scout Tower
08:33 Scout Tower
08:35 Scout Tower
08:37 Scout Tower
08:40 Scout Tower
08:41 Scout Tower
08:56 Guard Tower
08:56 Guard Tower
08:57 Guard Tower
08:57 Guard Tower
09:03 Guard Tower
09:03 Guard Tower
09:06 Guard Tower
09:06 Guard Tower
09:08 Guard Tower
09:08 Guard Tower
09:11 Guard Tower
09:13 Scout Tower
09:15 Scout Tower
09:17 Scout Tower
09:19 Scout Tower
09:40 Guard Tower
09:41 Guard Tower
09:44 Guard Tower
09:44 Guard Tower
09:47 Guard Tower
09:47 Guard Tower
09:47 Guard Tower
10:07 Farm
11:41 Scout Tower
11:43 Scout Tower
11:46 Scout Tower
11:47 Scout Tower
11:53 Town Hall
11:59 Scout Tower
12:00 Scout Tower
12:03 Scout Tower
12:04 Scout Tower
12:06 Scout Tower
12:22 Altar of Kings
12:26 Guard Tower
12:26 Guard Tower
12:27 Guard Tower
12:35 Guard Tower
12:35 Guard Tower
12:38 Arcane Sanctum
12:41 Guard Tower
12:41 Guard Tower
12:52 Scout Tower
12:53 Scout Tower
12:54 Guard Tower
12:57 Scout Tower
13:13 Scout Tower
13:14 Scout Tower
13:14 Scout Tower
13:14 Scout Tower
13:15 Scout Tower
13:15 Scout Tower
13:16 Scout Tower
13:34 Guard Tower
13:40 Blacksmith
13:43 Blacksmith
13:48 Guard Tower
14:06 Castle
15:05 Arcane Tower
15:42 Workshop
15:44 Workshop
15:46 Workshop
16:20 Arcane Vault
16:44 Workshop
16:47 Farm
17:37 Scout Tower
17:38 Scout Tower
17:38 Scout Tower
17:39 Scout Tower
17:39 Scout Tower
17:58 Blacksmith
18:24 Guard Tower
19:32 Arcane Vault
19:41 Scout Tower
19:41 Scout Tower
19:42 Scout Tower
19:42 Scout Tower
19:43 Scout Tower
19:50 Guard Tower
22:46 Guard Tower
23:04 Scout Tower
23:05 Scout Tower
23:05 Scout Tower
23:06 Scout Tower
23:06 Scout Tower
23:06 Scout Tower
23:07 Scout Tower
23:24 Scout Tower
23:24 Scout Tower
23:25 Scout Tower
23:25 Scout Tower
24:03 Guard Tower
24:24 Guard Tower
24:26 Guard Tower
24:41 Guard Tower
25:06 Guard Tower
26:39 Scout Tower
26:39 Scout Tower
27:11 Guard Tower
27:11 Guard Tower
27:46 Scout Tower
27:47 Scout Tower
27:47 Scout Tower
28:00 Town Hall
29:04 Scout Tower
29:04 Scout Tower
29:04 Scout Tower
29:05 Scout Tower
29:05 Scout Tower
29:08 Scout Tower
29:08 Scout Tower
29:09 Scout Tower
29:10 Scout Tower
29:31 Guard Tower
29:31 Guard Tower
29:32 Guard Tower
29:32 Guard Tower
30:18 Guard Tower
30:19 Guard Tower
30:21 Guard Tower
33:32 Town Hall
33:43 Scout Tower
33:44 Scout Tower
36:46 Guard Tower
36:47 Workshop
36:53 Workshop
36:54 Workshop
36:57 Workshop
37:13 Altar of Kings
37:16 Farm
37:19 Farm
38:52 Guard Tower
40:15 Farm
40:16 Farm

»
WC-and-Chill (
orange | 57 APM | 2185 actions | 38:32)
4 Archmage
1 Summon Water Elemental
2 Brilliance Aura
1 Blizzard
» actions
| Assign group hotkey | 25 | |
| Basic commands | 24 | |
| Build / train | 129 | |
| Enter build submenu | 62 | |
| Enter hero's abilities submenu | 4 | |
| Remove unit from queue | 8 | |
| Right click | 1059 | |
| Select / deselect | 440 | |
| Select group hotkey | 340 | |
| Use ability | 94 | |
2185 total
» units
| Peasant | 37 | |
| Goblin Shredder | 1 | |
| Priest | 9 | |
| Rifleman | 4 | |
| Knight | 7 | |
| Siege Engine | 4 | |
| Flying Machine | 10 | |
| Mortar Team | 2 | |
74 total
» upgrades
| Masonry | 3 | |
| Gunpowder | 3 | |
| Magic Sentry | 1 | |
| Lumber Harvesting | 2 | |
| Armor | 1 | |
| Sorceress Training | 1 | |
| Plating | 2 | |
| Barrage | 1 | |
| Flak Cannons | 1 | |
| Flying Machine Bombs | 1 | |
| Animal War Training | 1 | |
17 total
» buildings
| Lumber Mill | 2 | |
| Farm | 13 | |
| Scout Tower | 27 | |
| Altar of Kings | 1 | |
| Guard Tower | 18 | |
| Keep | 1 | |
| Blacksmith | 1 | |
| Town Hall | 5 | |
| Barracks | 2 | |
| Arcane Tower | 3 | |
| Arcane Sanctum | 1 | |
| Castle | 1 | |
| Arcane Vault | 1 | |
| Workshop | 2 | |
| Cannon Tower | 1 | |
79 total
» build order
00:24 Lumber Mill
00:43 Farm
01:19 Scout Tower
01:29 Scout Tower
01:38 Altar of Kings
01:50 Guard Tower
01:53 Farm
01:57 Farm
02:21 Scout Tower
02:24 Guard Tower
02:44 Farm
02:56 Guard Tower
03:20 Scout Tower
03:26 Farm
03:38 Keep
03:52 Blacksmith
04:36 Farm
05:18 Town Hall
05:26 Guard Tower
05:30 Farm
05:43 Barracks
06:07 Scout Tower
06:12 Scout Tower
06:42 Scout Tower
06:45 Arcane Tower
06:48 Scout Tower
06:58 Farm
07:08 Scout Tower
07:12 Guard Tower
07:46 Scout Tower
07:48 Arcane Tower
08:59 Arcane Sanctum
09:26 Scout Tower
09:30 Scout Tower
09:49 Arcane Tower
09:50 Guard Tower
10:06 Lumber Mill
11:14 Guard Tower
11:27 Town Hall
11:35 Town Hall
11:59 Guard Tower
12:33 Town Hall
12:52 Scout Tower
12:55 Scout Tower
13:23 Farm
13:42 Guard Tower
14:02 Scout Tower
15:31 Scout Tower
16:18 Castle
16:28 Farm
16:37 Guard Tower
16:40 Scout Tower
17:09 Guard Tower
17:14 Guard Tower
17:31 Scout Tower
17:59 Arcane Vault
18:06 Guard Tower
18:12 Scout Tower
18:47 Workshop
19:18 Scout Tower
19:21 Scout Tower
19:22 Scout Tower
19:25 Farm
19:26 Farm
19:27 Farm
19:35 Workshop
20:01 Guard Tower
20:07 Scout Tower
20:18 Barracks
22:39 Scout Tower
22:57 Scout Tower
23:11 Guard Tower
23:43 Scout Tower
23:45 Guard Tower
24:28 Guard Tower
24:30 Scout Tower
25:17 Town Hall
25:30 Guard Tower
32:36 Cannon Tower
» items
team 2 (winner)

»
PraY. (
green | 82 APM | 3477 actions | 42:13)
6 Blademaster
3 Wind Walk
2 Critical Strike
1 Bladestorm
4 Shadow Hunter
2 Hex
2 Healing Wave
1 Tauren Chieftain
1 Endurance Aura
» actions
| Assign group hotkey | 37 | |
| Basic commands | 111 | |
| Build / train | 73 | |
| ESC pressed | 1 | |
| Enter build submenu | 18 | |
| Enter hero's abilities submenu | 11 | |
| Give item / drop item | 2 | |
| Right click | 1816 | |
| Select / deselect | 638 | |
| Select group hotkey | 631 | |
| Use ability | 139 | |
3477 total
» units
| Peon | 10 | |
| Grunt | 4 | |
| Raider | 7 | |
| Goblin Zeppelin | 3 | |
| Troll Batrider | 11 | |
| Spirit Walker | 2 | |
37 total
» upgrades
| Pillage | 1 | |
| Melee Weapons | 3 | |
| Ensnare | 1 | |
| Armor | 1 | |
| Liquid Fire | 1 | |
| Ranged Weapons | 2 | |
| Spirit Walker Training | 1 | |
10 total
» buildings
| Altar of Storms | 1 | |
| Orc Burrow | 5 | |
| Barracks | 1 | |
| Voodoo Lounge | 2 | |
| War Mill | 1 | |
| Stronghold | 2 | |
| Beastiary | 2 | |
| Great Hall | 3 | |
| Fortress | 1 | |
| Spirit Lodge | 1 | |
19 total
» build order
00:06 Altar of Storms
00:12 Orc Burrow
00:36 Barracks
01:29 Voodoo Lounge
01:32 Voodoo Lounge
01:53 Orc Burrow
03:10 War Mill
04:04 Stronghold
04:04 Stronghold
04:07 Orc Burrow
06:47 Beastiary
06:47 Beastiary
06:53 Orc Burrow
08:09 Orc Burrow
10:33 Great Hall
11:19 Fortress
12:36 Great Hall
16:44 Spirit Lodge
17:50 Great Hall
» items
| Healing Salve | 3 | |
| Lesser Clarity Potion | 2 | |
| Scroll of Speed | 2 | |
| Scroll of Town Portal | 2 | |
9 total
TdotStar (
pink | 96 APM | 4045 actions | 42:13)
6 Mountain King
3 Storm Bolt
2 Bash
1 Avatar
5 Paladin
2 Holy Light
3 Devotion Aura
5 Blood Mage
3 Banish
2 Siphon Mana
» actions
| Assign group hotkey | 65 | |
| Basic commands | 1 | |
| Build / train | 123 | |
| ESC pressed | 2 | |
| Enter build submenu | 28 | |
| Enter hero's abilities submenu | 16 | |
| Give item / drop item | 5 | |
| Right click | 1879 | |
| Select / deselect | 631 | |
| Select group hotkey | 1094 | |
| Use ability | 201 | |
4045 total
» units
| Peasant | 20 | |
| Footman | 8 | |
| Gryphon Rider | 14 | |
| Dragonhawk Rider | 5 | |
47 total
» upgrades
| Masonry | 3 | |
| Storm Hammers | 1 | |
| Animal War Training | 1 | |
| Cloud | 1 | |
| Armor | 3 | |
| Swords | 3 | |
12 total
» buildings
| Barracks | 1 | |
| Farm | 12 | |
| Altar of Kings | 1 | |
| Scout Tower | 4 | |
| Arcane Tower | 1 | |
| Arcane Vault | 3 | |
| Keep | 1 | |
| Town Hall | 4 | |
| Lumber Mill | 2 | |
| Guard Tower | 6 | |
| Castle | 1 | |
| Gryphon Aviary | 3 | |
| Blacksmith | 1 | |
40 total
» build order
00:11 Barracks
00:35 Farm
00:37 Farm
00:49 Altar of Kings
01:44 Farm
02:18 Scout Tower
02:29 Farm
02:58 Arcane Tower
03:12 Farm
03:33 Arcane Vault
04:10 Farm
05:03 Keep
05:45 Town Hall
05:47 Scout Tower
05:49 Scout Tower
05:53 Scout Tower
06:01 Lumber Mill
06:07 Lumber Mill
06:27 Guard Tower
06:27 Guard Tower
07:01 Guard Tower
07:13 Arcane Vault
08:15 Castle
08:40 Guard Tower
08:51 Gryphon Aviary
08:57 Blacksmith
08:58 Farm
08:59 Farm
09:34 Guard Tower
09:56 Guard Tower
10:04 Gryphon Aviary
10:48 Gryphon Aviary
12:31 Farm
12:32 Farm
12:57 Farm
12:57 Farm
26:54 Town Hall
32:07 Town Hall
37:06 Town Hall
37:15 Arcane Vault
» items
| Scroll of Regeneration | 10 | |
| Lesser Clarity Potion | 8 | |
| Mechanical Critter | 1 | |
| Scroll of Town Portal | 5 | |
| Ivory Tower | 6 | |
| Orb of Fire | 1 | |
| Potion of Healing | 2 | |
| Potion of Mana | 2 | |
| Scroll of Speed | 1 | |
36 total

»
Lauking (
teal | 53 APM | 2223 actions | 42:13)
6 Keeper of the Grove
1 Force of Nature
3 Thorns Aura
1 Entangling Roots
1 Tranquility
5 Priestess of the Moon
1 Scout
3 Trueshot Aura
1 Searing Arrows
» actions
| Assign group hotkey | 84 | |
| Basic commands | 291 | |
| Build / train | 81 | |
| Enter build submenu | 27 | |
| Enter hero's abilities submenu | 14 | |
| Remove unit from queue | 1 | |
| Right click | 569 | |
| Select / deselect | 308 | |
| Select group hotkey | 779 | |
| Use ability | 69 | |
2223 total
» units
| Wisp | 26 | |
| Archer | 7 | |
| Hippogryph | 7 | |
| Chimaera | 10 | |
| Goblin Zeppelin | 2 | |
52 total
» upgrades
| Hippogryph Taming | 1 | |
| Corrosive Breath | 1 | |
| Strength of the Wild | 3 | |
| Reinforced Hides | 2 | |
7 total
» buildings
| Altar of Elders | 3 | |
| Moon Well | 11 | |
| Ancient of War | 2 | |
| Tree of Ages | 3 | |
| Hunter's Hall | 2 | |
| Ancient of Wind | 1 | |
| Tree of Life | 3 | |
| Tree of Eternity | 1 | |
| Chimaera Roost | 3 | |
| Ancient Protector | 1 | |
30 total
» build order
00:09 Altar of Elders
00:12 Moon Well
01:16 Ancient of War
01:26 Moon Well
02:22 Moon Well
03:05 Tree of Ages
03:06 Tree of Ages
03:06 Tree of Ages
04:18 Hunter's Hall
06:06 Ancient of Wind
06:21 Tree of Life
06:45 Tree of Eternity
08:43 Moon Well
09:13 Chimaera Roost
09:19 Chimaera Roost
09:24 Chimaera Roost
09:40 Moon Well
12:54 Moon Well
12:57 Moon Well
13:51 Moon Well
22:48 Tree of Life
23:28 Moon Well
29:35 Moon Well
31:13 Tree of Life
34:58 Altar of Elders
35:12 Altar of Elders
36:21 Moon Well
37:46 Ancient of War
37:50 Hunter's Hall
40:27 Ancient Protector
» items
| Healing Salve | 1 | |
| Scroll of Town Portal | 2 | |
| Orb of Lightning | 1 | |
4 total

»
jacm (
purple | 35 APM | 1486 actions | 42:13)
6 Mountain King
2 Storm Bolt
3 Bash
1 Avatar
3 Archmage
1 Summon Water Elemental
2 Brilliance Aura
» actions
| Basic commands | 22 | |
| Build / train | 102 | |
| Enter build submenu | 30 | |
| Enter hero's abilities submenu | 9 | |
| Give item / drop item | 5 | |
| Remove unit from queue | 5 | |
| Right click | 684 | |
| Select / deselect | 543 | |
| Use ability | 86 | |
1486 total
» units
| Peasant | 11 | |
| Footman | 9 | |
| Rifleman | 7 | |
| Goblin Shredder | 1 | |
| Priest | 5 | |
| Mortar Team | 3 | |
| Siege Engine | 6 | |
| Spell Breaker | 1 | |
43 total
» upgrades
| Backpack | 1 | |
| Plating | 1 | |
| Armor | 3 | |
| Long Rifles | 1 | |
| Masonry | 3 | |
| Priest Training | 2 | |
| Fragmentation Shards | 1 | |
| Flare | 1 | |
| Barrage | 1 | |
| Lumber Harvesting | 2 | |
| Gunpowder | 3 | |
| Sorceress Training | 2 | |
| Control Magic | 1 | |
22 total
» buildings
| Farm | 13 | |
| Barracks | 1 | |
| Altar of Kings | 1 | |
| Arcane Vault | 1 | |
| Blacksmith | 1 | |
| Keep | 1 | |
| Arcane Sanctum | 1 | |
| Lumber Mill | 1 | |
| Town Hall | 4 | |
| Castle | 1 | |
| Workshop | 1 | |
| Scout Tower | 5 | |
| Guard Tower | 5 | |
36 total
» build order
00:15 Farm
00:22 Barracks
00:30 Altar of Kings
00:46 Farm
01:27 Arcane Vault
01:57 Farm
03:15 Farm
04:01 Farm
04:31 Blacksmith
04:56 Keep
06:00 Farm
07:23 Farm
07:28 Arcane Sanctum
07:35 Lumber Mill
09:25 Town Hall
09:41 Farm
11:33 Castle
12:42 Workshop
17:14 Farm
17:25 Farm
18:25 Farm
18:28 Farm
19:09 Farm
19:16 Scout Tower
20:14 Scout Tower
20:28 Guard Tower
20:31 Scout Tower
21:06 Guard Tower
21:06 Guard Tower
21:19 Guard Tower
22:08 Scout Tower
22:11 Scout Tower
22:22 Town Hall
22:43 Guard Tower
28:56 Town Hall
30:16 Town Hall
» items
| Scroll of Regeneration | 4 | |
| Lesser Clarity Potion | 3 | |
| Potion of Healing | 2 | |
| Scroll of Town Portal | 2 | |
| Orb of Fire | 1 | |
| Potion of Mana | 1 | |
13 total
Chat log
(00:27 / Allies) I_love_n00b: hi
(00:30 / Allies) I_love_n00b: unit and plan?
(01:54 / Allies) I_love_n00b: dk fiends here
(02:06 / Allies) Intrigue: dryads chims
(03:49 / All) Hibernating: clan s4s, best clan for noobs
(04:20 / All) Hibernating: Just bought this game? Join Clan S4S and we'll help you learn the game with fellow noobs.
(04:30 / Allies) Intrigue: stop with the towers
(04:31 / Allies) Intrigue: seriously
(05:21 / All) Hibernating: We proudly accept gays, CLAN S4S
(05:24 / All) Hibernating: Stop by today!
(05:34 / All) Hibernating: truck stop special
(07:07 / Allies) Intrigue: its over
(07:11 / Allies) Intrigue: you tower guys suck
(07:34 / Allies) Hibernating: I'm swinging at a better percentage than you, bub
(08:12 / Allies) WC-and-Chill: wood please
(10:20 / Allies) WC-and-Chill: wood?
(10:47 / Allies) Intrigue: care dk
(11:22 / Allies) Intrigue: mk
(11:44 / Allies) Intrigue: rep[air
(12:25 / Allies) Intrigue: run hero
(12:43 / Allies) WC-and-Chill: repair
(13:02 / Allies) Hibernating: repair
(13:09 / Allies) WC-and-Chill: repair main
(13:21 / Allies) I_love_n00b: more
(13:23 / Allies) I_love_n00b: mvoe
(13:25 / Allies) Intrigue: upgrade and get a shopt
(14:26 / Allies) WC-and-Chill: we're forcing them to go air, siege, tank fyi...
(14:33 / Allies) Intrigue: lets hit
(14:54 / Allies) Intrigue: erpair
(14:59 / Allies) I_love_n00b: no shop
(15:25 / Allies) Intrigue: units
(15:26 / Allies) Intrigue: not hero
(15:28 / Allies) Intrigue: attack units
(16:06 / Allies) Hibernating: nuke morts
(16:06 / Allies) Intrigue: get a shop
(16:33 / Allies) Hibernating: should I get mort or gyro
(16:37 / Allies) I_love_n00b: gyuo
(16:51 / Allies) WC-and-Chill: lets kill thier expos
(17:39 / Allies) Intrigue: tp
(17:40 / Allies) Intrigue: wtf
(17:45 / Allies) WC-and-Chill: forgot to rebuy...
(17:48 / Allies) Intrigue: omg
(17:52 / Allies) WC-and-Chill: happens
(19:26 / Allies) I_love_n00b: get a shop
(19:54 / Allies) WC-and-Chill: going knight tank fyi
(20:04 / Allies) I_love_n00b: go kill their main
(20:06 / Allies) I_love_n00b: don't wait
(20:20 / Allies) I_love_n00b: push it
(20:20 / Allies) I_love_n00b: now
(22:42 / Allies) WC-and-Chill: funny game
(22:43 / Allies) I_love_n00b: push it
(23:21 / Allies) Hibernating: watch out red
(24:01 / Allies) Intrigue: main
(24:04 / Allies) I_love_n00b: main
(24:19 / Allies) WC-and-Chill: go to the next one
(24:23 / Allies) WC-and-Chill: tanks will finish it
(25:39 / Allies) I_love_n00b: leave my base
(25:42 / Allies) I_love_n00b: and human base
(25:44 / Allies) Intrigue: go
(26:06 / Allies) WC-and-Chill: sending tanks south
(26:07 / Allies) I_love_n00b: next
(26:14 / Allies) WC-and-Chill: expos better imo
(26:55 / Allies) WC-and-Chill: pink expo
(27:04 / Allies) I_love_n00b: leave it
(27:06 / Allies) I_love_n00b: keep attacking
(27:25 / Allies) Hibernating: lumber plz
(27:29 / Allies) I_love_n00b: stay together guys
(28:09 / Allies) I_love_n00b: everyone has tp?
(28:17 / Allies) Intrigue: the coming
(28:18 / Allies) I_love_n00b: run
(28:19 / Allies) I_love_n00b: run
(28:49 / Allies) Hibernating: shoulda fought at my towers south
(28:53 / Allies) Hibernating: could have held them off
(29:04 / Allies) Intrigue: ugh
(29:05 / Allies) Intrigue: come on
(29:05 / Allies) I_love_n00b: back
(29:30 / Allies) I_love_n00b: he has no tp
(29:39 / Allies) Intrigue: i got one
(29:40 / Allies) Hibernating: lumber
(29:43 / Allies) Hibernating: lumber
(29:48 / Allies) WC-and-Chill: go top
(29:58 / Allies) Hibernating: LUMBER
(29:59 / Allies) Hibernating: WOOD
(30:00 / Allies) Hibernating: LUMBER
(30:00 / Allies) Hibernating: WOOD
(30:12 / Allies) Hibernating: orange 3k I gave him tons earlier
(30:40 / Allies) WC-and-Chill: blue use air by my towers
(30:41 / Allies) Hibernating: orange give me 1k lumber
(31:09 / Allies) WC-and-Chill: griffs are there
(31:14 / Allies) Hibernating: orange why won't you share lumber?
(31:22 / Allies) WC-and-Chill: just ask
(31:25 / Allies) Hibernating: I did lol
(31:33 / Allies) WC-and-Chill: sry
(31:37 / Allies) WC-and-Chill: I've been gusy
(31:38 / Allies) WC-and-Chill: busy
(32:40 / Allies) Intrigue: go oj?
(32:57 / Allies) WC-and-Chill: tanks are a problem
(33:15 / Allies) I_love_n00b: get moregar
(33:15 / All) TdotStar: lucky purps been afk 30 mins
(33:38 / All) Hibernating: ur lucky they didn't defend south choke
(33:41 / Allies) I_love_n00b: who need gold?
(33:53 / Allies) Hibernating: me
(33:53 / All) TdotStar: ur lucky im at work
(33:58 / All) TdotStar: wudve made my own tanks
(34:04 / All) Hibernating: ur lucky your mom is distracting me iwth a blowjob
(35:16 / Allies) WC-and-Chill: pink has expos all over the damn map
(35:21 / Allies) WC-and-Chill: that's going to fuck us
(35:26 / Allies) I_love_n00b: who needg old
(37:30 / Allies) Hibernating: lumbs
(37:36 / Allies) I_love_n00b: run
(37:40 / Allies) I_love_n00b: tmk
(37:42 / Allies) I_love_n00b: incoming
(37:44 / Allies) Hibernating: I get mortar
(37:54 / Allies) Hibernating: with lumber
(38:05 / Allies) Hibernating: wood please
(38:12 / Allies) WC-and-Chill: we didn't control expos......
(38:13 / Allies) Hibernating: orange
(38:29 / Allies) Hibernating: orange
(38:29 / Allies) Hibernating: lumber
(40:47 / Allies) Hibernating: defend
(42:02 / All) I_love_n00b: gg
(42:07 / All) TdotStar: gg
(42:12 / All) Hibernating: gg if they defend south choke we win imo